 Dungeon Crawl Stone Soup version 0.27.1 (webtiles) character file.

Game seed: 1350354516408157809

2277 nxtlvl the Cleaver (level 9, -7/74 HPs)
             Began as a White Draconian Berserker on Aug 22, 2021.
             Was a Believer of Trog.
             Mangled by a yak (12 damage)
             ... on level 9 of the Dungeon.
             The game lasted 00:12:08 (1574 turns).

nxtlvl the Cleaver (White Draconian Berserker)      Turns: 1574, Time: 00:12:08

Health: -7/74      AC:  8    Str: 19    XL:     9   Next: 16%
Magic:  9/9        EV: 13    Int:  9    God:    Trog [**....]
Gold:   101        SH:  0    Dex: 13    Spells: 8/8 levels left

rFire    . . .     SeeInvis .   a - +0 war axe
rCold    + . .     Faith    .   (no shield)
rNeg     + . .     Spirit   .   (armour unavailable)
rPois    .         Reflect  .   (helmet restricted)
rElec    .         Harm     .   c - +0 cloak
rCorr    .         Rampage  .   (no gloves)
Will     .....                  (no boots)
Stlth    +.........             (no amulet)
HPRegen  0.22/turn              i - ring of positive energy
MPRegen  0.11/turn              (no ring)

@: on berserk cooldown, slowed, very slow
A: breathe frost, AC +7, unfitting armour, cold resistance 1, cold-blooded
a: Breathe Frost, Renounce Religion, Berserk, Trog's Hand


You were on level 9 of the Dungeon.
You worshipped Trog.
Trog was pleased with you.
You visited 1 branch of the dungeon, and saw 10 of its levels.

You collected 101 gold pieces.

Inventory:

Hand Weapons
 a - a +0 war axe (weapon)
 b - a +0 hunting sling
 n - a +0 arbalest
Missiles
 k - 49 arrows
 o - 26 poisoned darts (quivered)
 p - 43 sling bullets
 w - 5 javelins
Armour
 c - a +0 cloak (worn)
 m - a +0 pair of gloves
Jewellery
 i - a ring of positive energy (left hand)
Scrolls
 d - a scroll of immolation
 f - a scroll of enchant weapon {unknown}
 q - a scroll of magic mapping {unknown}
 u - a scroll of acquirement {unknown}
 v - a scroll of enchant armour {unknown}
Potions
 g - 2 potions of might {unknown}
 h - a potion of curing
 j - 2 potions of attraction {unknown}
 l - a potion of flight
 r - a potion of brilliance
 s - a potion of haste
 t - a potion of cancellation
 x - 2 potions of resistance {unknown}


   Skills:
 + Level 5.0 Fighting
 * Level 11.4 Axes
 + Level 4.1 Dodging


You had 8 spell levels left.
You didn't know any spells.
Your spell library was empty.

Dungeon Overview and Level Annotations

Branches:
Dungeon (12/15)
 Temple: D:4-7         Lair: D:8-11         Orc: D:9-12

Altars:
Ru
Wu Jian
Xom

Shops:
D:10 !

Annotations:
D:11 3 runed translucent doors, exclusion: downstairs


Innate Abilities, Weirdness & Mutations

You can breathe waves of freezing cold which knock back foes.
Your icy white scales are hard. (AC +7)
You cannot fit into any form of body armour.
Your flesh is cold resistant. (rC+)
You are cold-blooded and may be slowed by cold attacks.


Message History

The yak gores you but does no damage.
The cyan ugly thing gurgles horribly!
The yak misses you.
There is a stone staircase leading up here.
The yak gores you!
The cyan ugly thing headbutts you but does no damage.
You climb upwards.
You have got your breath back.
Found 24 stones.
Found a stone staircase leading up.
There is a stone staircase leading down here.
The yak gores you.
The vampire hits you but does no damage.
The vampire misses you. The yak misses you.
A yak comes into view.
The yak bellows!
The vampire hits you.
The vampire bites you but does no damage.
A yak comes into view.
The yak bellows!
A yak comes into view.
The yak completely misses you.
A yak comes into view.
The vampire hits you. The vampire bites you!
* * * LOW HITPOINT WARNING * * *
The vampire draws strength from your injuries!
There is a stone staircase leading up, spattered with blood here.
Unknown command.
The yak bellows!
The yak closely misses you. The vampire hits you!
* * * LOW HITPOINT WARNING * * *
The vampire bites you but does no damage.
You climb upwards.
An orc warrior comes into view. It is wielding a +0 battleaxe.
Found 10 stones and 29 gold pieces.
There is a stone staircase leading down here.
Okay, then.
The yak gores you.
* * * LOW HITPOINT WARNING * * *
The yak gores you!
You die...

##......
#......
#.....##
#......#.
#.....(..
#........
#........
#VY......
#@.......
#........
#........
#...o...$
#...o....
#........
#.$...........
#.............
#............


You could see a yak, a vampire, an orc warrior and an orc.

Vanquished Creatures
  2 two-headed ogres (D:11)
  A centaur zombie (D:11)
  An acid dragon (D:11)
  A black bear (D:6)
  A sky beast (D:5)
  A necrophage (D:4)
  A hornet zombie (D:6)
  3 crimson imps (D:11)
  2 centaur skeletons
  An iguana (D:5)
  2 howler monkey zombies
  An adder (D:2)
  A dart slug (D:2)
  2 bats (D:2)
  An endoplasm (D:2)
  A giant cockroach (D:2)
  2 goblins (D:2)
  3 hobgoblins
  2 jackals (D:3)
  4 kobolds
  A quokka (D:2)
  A frilled lizard (D:2)
  A rat (D:3)
36 creatures vanquished.

Vanquished Creatures (others)
  A plant (D:2)
1 creature vanquished.

Grand Total: 37 creatures vanquished

Notes
Turn   | Place    | Note
-------+----------+-------------------------------------------
     0 | D:1      | nxtlvl the Draconian Berserker began the quest for the Orb.
     0 | D:1      | Reached XP level 1. HP: 19/19 MP: 1/1
   244 | D:2      | Reached XP level 2. HP: 26/26 MP: 2/2
   271 | D:2      | Reached skill level 4 in Axes
   271 | D:2      | Reached XP level 3. HP: 31/31 MP: 3/3
   569 | D:4      | Reached ** piety under Trog
   570 | D:4      | Reached XP level 4. HP: 23/38 MP: 4/4
   638 | D:5      | Entered Level 5 of the Dungeon
   648 | D:5      | Reached skill level 5 in Axes
   655 | D:5      | Noticed a necrophage
   696 | D:4      | Killed a necrophage
   697 | D:4      | Reached skill level 6 in Axes
   697 | D:4      | Reached XP level 5. HP: 45/45 MP: 5/5
   804 | D:4      | Found a sacrificial altar of Ru.
   805 | D:4      | Found an ornate altar of the Wu Jian Council.
   870 | D:6      | Noticed a black bear
   880 | D:6      | Reached XP level 6. HP: 51/51 MP: 6/6
   883 | D:6      | Reached skill level 7 in Axes
   921 | D:5      | Noticed a sky beast
   940 | D:5      | Killed a sky beast
   986 | D:6      | You fall into a shaft and drop 3 floors!
  1026 | D:10     | Entered Level 10 of the Dungeon
  1026 | D:10     | Found Noadejek's Distillery.
  1110 | D:11     | Noticed an acid dragon
  1131 | D:11     | Killed an acid dragon
  1132 | D:11     | Reached skill level 8 in Axes
  1132 | D:11     | Your scales start taking on an icy white colour.
  1132 | D:11     | Reached XP level 7. HP: 48/57 MP: 7/7
  1132 | D:11     | Gained mutation: Your flesh is cold resistant. (rC+) [White
                  | Draconian growth]
  1166 | D:12     | Noticed a vampire mosquito
  1167 | D:12     | Noticed a seven-headed hydra
  1167 | D:12     | Noticed a vampire mosquito
  1167 | D:12     | Noticed a wraith
  1202 | D:11     | Found a shimmering altar of Xom.
  1261 | D:11     | Noticed a two-headed ogre
  1317 | D:11     | Killed a two-headed ogre
  1318 | D:11     | Reached skill level 10 in Axes
  1318 | D:11     | Reached XP level 8. HP: 9/63 MP: 8/8
  1354 | D:11     | Noticed a boulder beetle
  1538 | D:11     | Found a runed translucent gate.
  1539 | D:11     | Found a runed translucent gate.
  1539 | D:11     | Found a runed translucent gate.
  1539 | D:11     | Noticed a two-headed ogre
  1548 | D:11     | Noticed a two-headed ogre
  1556 | D:11     | Killed a two-headed ogre
  1557 | D:11     | Reached skill level 5 in Fighting
  1557 | D:11     | Reached skill level 11 in Axes
  1557 | D:11     | Reached XP level 9. HP: 74/74 MP: 9/9
  1562 | D:11     | Noticed a troll
  1564 | D:11     | Noticed a cyan ugly thing
  1574 | D:9      | Mangled by a yak

Illustrated notes

Levels and vault maps discovered:
D:1:      dpeg_arrival_boxes_within_box, layout_loops_ring,
          shapermc_ecumenical_altar_gd, minmay_tree_intersection
D:2:      layout_loops_ring, guppyfry_early_lair_pool, uniq_jessica
D:3:      layout_loops_ring, uniq_natasha
D:4:      minmay_spotlight, layout_basic, lemuel_round_altar,
          gammafunk_temple_overflow_statue, kennysheep_generic_room_4,
          uniq_edmund, uniq_robin
D:5:      minmay_skewed_foursquare, layout_basic, serial_co_window_serial,
          co_window_paths_b, co_window_of_opportunity_a, co_window_paths_a,
          co_window_paths_b, co_window_paths_b, co_window_cross_2,
          co_window_paths_c, co_window_cross_4, co_window_corner_ca,
          co_window_corner_b, co_window_corner_ca, co_window_2corner,
          co_window_paths_d, glass_columns_a, glass_columns_c, glass_columns_b,
          glass_columns_b, amethyst_killhole
D:6:      layout_cave_pools, uniq_pikel
D:9:      layout_big_octagon, uniq_gastronok
D:10:     layout_long_grid, makhleb_altar_promises_db, lemuel_tele_altar,
          nicolae_stop_n_shop_2
D:11:     layout_gridville, gammafunk_ghost_ooze, led_xom_imps
D:12:     layout_basic, erik_orc_3, ploomutoo_gammafunk_ghost_potion_laboratory,
          jiyva_altar_1

Skill      XL: |  1  2  3  4  5  6  7  8 |
---------------+-------------------------+-----
Axes           | 4 6 8 10 11 | 11.4
Fighting       | 5 |  5.0
Dodging        | 4 |  4.1

Action                   |  1- 3 |  4- 6 |  7- 9 || total
-------------------------+-------+-------+-------++-------
Melee: Hand axe          |    64 |    41 |       ||   105
       Tailslap          |     6 |     7 |     8 ||    21
       War axe           |       |       |    34 ||    34
 Fire: Hunting sling     |       |     5 |       ||     5
Throw: Dart              |       |       |     3 ||     3
Invok: Berserk           |     3 |     5 |     3 ||    11
 Abil: Breathe Frost     |       |       |     2 ||     2
  Use: Scroll            |       |       |     8 ||     8
Armor: Skin              |     9 |    16 |    16 ||    41
Dodge: Dodged            |    32 |    23 |    24 ||    79
